 Dungeon Crawl Stone Soup version 0.30.1-4-g462c640d31 (webtiles) character file.

Game seed: 1902397238674648610

14 ChiefBigBeans the Sneak (level 2, -2/26 HPs)
             Began as a Naga Brigand on Sept 12, 2023.
             Slain by a hobgoblin (4 damage)
             ... on level 1 of the Dungeon.
             The game lasted 00:00:33 (165 turns).

ChiefBigBeans the Sneak (Naga Brigand)               Turns: 165, Time: 00:00:34

Health: -2/26      AC:  2    Str: 13    XL:     2   Next: 45%
Magic:  2/2        EV:  9    Int: 11    God:
Gold:   6          SH:  0    Dex: 12    Spells: 1/1 levels left

rFire   . . .        a - +2 dagger
rCold   . . .        (no shield)
rNeg    . . .        b - +0 robe
rPois   +            (no helmet)
rElec   .            c - +0 cloak
rCorr   .            (no gloves)
SInv    +            (no barding)
Will    .....        (no amulet)
Stlth   +++          (no ring)
HPRegen 0.24/turn    (no ring)
MPRegen 0.08/turn

%: no passive effects
@: very slow
A: AC +0, large, see invisible, deformed body, poison resistance, slowness 2,
spit poison 1, naga tail 1
a: Spit Poison


You were on level 1 of the Dungeon.
You visited 1 branch of the dungeon, and saw 1 of its levels.

You collected 6 gold pieces.

Inventory:

Hand Weapons
 a - a +2 dagger (weapon)
Missiles
 d - 4 poisoned darts (quivered)
 e - 3 curare-tipped darts
Armour
 b - a +0 robe (worn)
 c - a +0 cloak (worn)


   Skills:
 + Level 2.2 Fighting
 + Level 2.2 Short Blades
 + Level 2.0 Throwing
 + Level 1.0 Dodging
 + Level 6.0 Stealth


You had one spell level left.
You didn't know any spells.
Your spell library was empty.

Dungeon Overview and Level Annotations

Branches:
Dungeon (1/15)

Altars:


Innate Abilities, Weirdness & Mutations

Your serpentine skin is tough. (AC +0)
You have supernaturally acute eyesight. (SInv)
Armour fits poorly on your strangely shaped body.
Your system is resistant to poisons. (rPois)
You cover ground very slowly.
You can spit poison.
You have a snake-like lower body.


Message History

The bat barely misses you. The goblin hits you but does no damage.
You hit the goblin.
You kill the goblin!
The bat barely misses you. The bat hits you.
The goblin hits you with a +0 dagger. The rat misses you.
Your Throwing skill increases to level 2!
You hit the hobgoblin.
The hobgoblin is lightly wounded.
The bat barely misses you. The goblin hits you with a +0 dagger.
The hobgoblin hits you. The rat bites you.
You are too injured to fight recklessly!
You are too injured to fight recklessly!
You are too injured to fight recklessly!
You closely miss the goblin. The goblin closely misses you.
The rat completely misses you. The hobgoblin barely misses you.
You hit the goblin.
You kill the goblin!
The bat hits you but does no damage. The bat misses you.
The hobgoblin hits you. The rat barely misses you.
The hobgoblin barely misses you. The rat completely misses you.
Things that are here:
a +0 dagger; a goblin corpse The bat completely misses you.
The rat bites you but does no damage. The hobgoblin hits you.
* * * LOW HITPOINT WARNING * * *
You closely miss the bat. The bat hits you.
* * * LOW HITPOINT WARNING * * *
The hobgoblin closely misses you. The rat bites you.
* * * LOW HITPOINT WARNING * * *
The rat attacks as you move away! The rat misses you.
The bat hits you but does no damage. The bat closely misses you.
The hobgoblin hits you.
* * * LOW HITPOINT WARNING * * *
The rat closely misses you. The hobgoblin closely misses you.
You hit the bat.
You kill the bat!
You completely miss the hobgoblin.
The hobgoblin is lightly wounded.
The hobgoblin hits you.
You die...

..###.# #............#
#.# #)# #[...........#
#.# #.# ##..........##
#.# #.. #.........## #.#
### #.##..###### ..#
#.#..#.....## # ######
#...#.......## ###.#8.#
#..#.........#
.......#....##.g@......#
8..8...#.##.##.)r......#
......<# #.##)........#
8..8...# #.##?........#
.......# #.##.........#
###.#8.# .. #.....$...#
###### #.........#
..........# #.(........#


You could see a hobgoblin and a rat.

Vanquished Creatures
  A dart slug (D:1)
  A bat (D:1)
  A giant cockroach (D:1)
  5 goblins (D:1)
  2 hobgoblins (D:1)
10 creatures vanquished.

Notes
Turn   | Place    | Note
-------+----------+-------------------------------------------
     0 | D:1      | ChiefBigBeans the Naga Brigand began the quest for the Orb.
     0 | D:1      | Reached XP level 1. HP: 19/19 MP: 1/1
    57 | D:1      | Reached skill level 1 in Dodging
    57 | D:1      | Reached skill level 6 in Stealth
    57 | D:1      | Reached XP level 2. HP: 17/26 MP: 2/2
   165 | D:1      | Slain by a hobgoblin

Illustrated notes

Levels and vault maps discovered:
D:1:      elethiomel_arrival_quiet, layout_rooms

Skill      XL: |  1  2 |
---------------+-------+-----
Dodging        | 1 |  1.0
Stealth        | 6 |  6.0
Throwing       | 2 |  2.0
Fighting       | |  2.2
Short Blades   | |  2.2

Action                     || total
---------------------------++-------
  Melee: Dagger            ||    30
  Throw: Dart              ||     6
   Stab: Sleeping          ||     3
 Armour: Robe              ||    11
  Dodge: Dodged            ||    31
